AoeStats
← Gjallarhorn

Arena

504182511Analyzed
1v1 RM · 26d ago on Sep 4, 2026· 18m 0s· 2 players
Game mode
Random Map
Map size
Tiny (2 player)
Population
200
Speed
Normal
Resources
Standard
Victory
Conquest
Starting age
Dark Age
Ending age
Imperial Age
RankedLock teamsTeams togetherTeam positionsShared explorationLock speedFull tech treeHidden civsTurbo modeCheats
Victory
Defeat
🇮🇳 Aztecs · India
769
+13
🇩🇪 Aztecs · Germany
703
-13
Archon of Abyss
10:49 Feudal Age
13:24 Loom
16:04 Castle Age
15:37 Forging
15:49 Double-Bit Axe
15:46 Horse Collar
Gjallarhorn
7:26 Loom
11:47 Feudal Age
15:46 Castle Age
14:16 Double-Bit Axe
14:16 Horse Collar
Connection lost

Rejoining the realm…

Still unreachable

The connection could not be restored.

Session expired

The server has moved on; the page needs a fresh start.